Map: Ulrena

Players

MCanning - Winner!

  • Race: Protoss Protoss
  • League: Grandmaster

Rain

  • Race: Protoss Protoss
  • League: Master

VOD

http://www.twitch.tv/mcanning/v/33124982

Description

Time

  • Played on: Jan. 2, 2016, 1:24 a.m.
  • Length: 8:01
Show
View Real Time Build Order
Export as new Build Order

MCanning Protoss - Winner!

Build Orders:  

Get SALT Encoding   

  12  0:03  Probe (Chrono Boost)  
  13  0:13  Probe (Chrono Boost)  
  14  0:22  Pylon  
  14  0:24  Probe (Chrono Boost)  
  15  0:40  Probe (Chrono Boost)  
  16  0:43  Gateway  
  16  0:50  Probe (Chrono Boost)  
  16  0:51  Assimilator  
  16  0:54  Assimilator  
  17  1:01  Probe (Chrono Boost)  
  18  1:11  Probe (Chrono Boost)  
  18  1:12  Gateway  
  19  1:22  Probe (Chrono Boost)  
  20  1:32  Cybernetics Core  
  20  1:33  Probe (Chrono Boost)  
  20  1:44  Probe (Chrono Boost)  
  21  1:50  Pylon  
  21  1:54  Probe (Chrono Boost)  
  22  2:05  Probe (Chrono Boost)  
  23  2:11  Stalker x2 (Chrono Boost)  
  23  2:13  Warp Gate (Chrono Boost)  
  27  2:20  Mothership Core (Chrono Boost)  
  29  2:30  Pylon  
  29  2:40  Probe (Chrono Boost)  
  30  2:56  Nexus  
  30  3:00  Sentry  
  30  3:03  Sentry  
  34  3:11  Probe (Chrono Boost)  
  35  3:17  Pylon  
  35  3:24  Robotics Facility  
  35  3:29  Probe (Chrono Boost)  
  36  3:40  Probe (Chrono Boost), Pylon  
  35  3:55  Gateway  
  35  3:57  Gateway  
  35  4:13  Pylon  
  35  4:15  Pylon  
  33  4:17  Pylon  
  28  4:33  Adept x2  
  28  4:38  Immortal (Chrono Boost)  
  36  4:44  Probe  
  37  4:51  Sentry  
  39  4:56  Sentry  
  39  4:58  Stalker  
  43  5:00  Probe  
  38  5:16  Immortal (Chrono Boost)  
  38  5:18  Probe x2 (Chrono Boost)  
  44  5:28  Sentry  
  46  5:29  Probe (Chrono Boost)  
  46  5:31  Probe (Chrono Boost)  
  46  5:35  Zealot  
  50  5:39  Probe (Chrono Boost)  
  50  5:40  Sentry  
  49  5:54  Immortal (Chrono Boost)  
  49  5:55  Sentry  
  55  6:02  Zealot  
  57  6:08  Pylon  
  57  6:09  Zealot  
  57  6:20  Sentry  
  57  6:22  Probe  
  60  6:30  Immortal (Chrono Boost)  
  64  6:34  Zealot x2  
  64  6:36  Probe  
  64  6:38  Pylon  
  69  6:45  Zealot  
  55  7:00  Zealot  
  55  7:01  Zealot  
  59  7:04  Immortal (Chrono Boost)  
  63  7:15  Stalker  
  64  7:24  Stalker x2  
  66  7:54  Stalker x2  
  70  8:00  Assimilator  
Show
View Real Time Build Order
Export as new Build Order

Rain Protoss 

Build Orders:  

Get SALT Encoding   

  12  0:01  Probe (Chrono Boost)  
  13  0:11  Probe (Chrono Boost)  
  14  0:17  Pylon  
  14  0:23  Probe (Chrono Boost)  
  15  0:37  Gateway  
  15  0:41  Assimilator  
  15  0:44  Probe (Chrono Boost)  
  16  0:52  Assimilator  
  16  0:55  Probe (Chrono Boost)  
  17  1:05  Probe (Chrono Boost)  
  18  1:16  Probe (Chrono Boost)  
  19  1:26  Probe (Chrono Boost)  
  19  1:27  Cybernetics Core  
  20  1:35  Pylon  
  20  1:37  Probe (Chrono Boost)  
  21  1:47  Probe (Chrono Boost), Pylon  
  22  1:58  Probe (Chrono Boost)  
  23  2:06  Robotics Facility  
  23  2:17  Robotics Facility  
  23  2:25  Stalker (Chrono Boost)  
  25  2:32  Mothership Core  
  27  2:41  Pylon  
  27  2:57  Immortal (Chrono Boost)  
  35  3:17  Immortal (Chrono Boost)  
  35  3:20  Warp Gate  
  35  3:31  Warp Prism (Chrono Boost)  
  37  3:47  Pylon  
  37  3:54  Pylon  
  38  4:12  Immortal (Chrono Boost)  
  40  4:24  Immortal (Chrono Boost)  
  36  4:40  Gateway  
  40  4:51  Immortal (Chrono Boost)  
  40  4:59  Immortal (Chrono Boost)  
  44  5:20  Pylon  
  44  5:22  Gateway  
  44  5:26  Stalker  
  47  5:29  Observer (Chrono Boost)  
  47  5:54  Stalker  
  47  5:56  Immortal (Chrono Boost)  
  53  6:04  Stalker  
  55  6:09  Pylon  
  55  6:28  Adept x2  
  59  6:32  Adept  
  47  7:01  Stalker x3  
  43  7:10  Immortal (Chrono Boost)  
  47  7:26  Stalker x2  
Tags
 
Add a new tag
Caveats
  • Supply blocks, unpowered buildings, or Contaminate may cause inaccurate times.
  • Supply counts are checked every 10 seconds.